 Dungeon Crawl Stone Soup version 0.29.1-13-g9f3cf754e1 (webtiles) character file.

Game seed: 14885562343089170976

7992 DemonSlayer the Geomancer (level 11, 0/72 HPs)
             Began as a Demonspawn Earth Elementalist on Feb 6, 2023.
             Was an Elder of Cheibriados.
             Slain by a death yak (7 damage)
             ... on level 1 of the Lair of Beasts on Feb 7, 2023.
             The game lasted 00:22:02 (10925 turns).

DemonSlayer the Geomancer (DsEE)                   Turns: 10925, Time: 00:22:03

Health: 0/72       AC: 12    Str: 27    XL:     11   Next: 4%
Magic:  23/24      EV: 18    Int: 26    God:    Cheibriados [****..]
Gold:   381        SH:  0    Dex: 23    Spells: 17/29 levels left

rFire   . . .      SeeInvis .   f - +8 mace (protect)
rCold   + . .      Faith    .   (no shield)
rNeg    . . .      Spirit   .   b - +2 leather armour {rC+}
rPois   .          Reflect  .   (no helmet)
rElec   .          Harm     .   (no cloak)
rCorr   .          Rampage  .   (gloves unavailable)
Will    .....                   (boots unavailable)
Stlth   +++.......              y - amulet of the acrobat
HPRegen 0.22/turn               c - +6 ring of strength
MPRegen 0.19/turn               t - +4 ring of evasion

@: under a protective aura, on berserk cooldown, slowed, very slow
A: claws 3, hooves 3, demonic guardian 2, weakness stinger 2
a: Renounce Religion, Bend Time, Temporal Distortion, Slouch


You were on level 1 of the Lair of Beasts.
You worshipped Cheibriados.
Cheibriados was greatly pleased with you.
You visited 2 branches of the dungeon, and saw 9 of its levels.

You collected 534 gold pieces.
You spent 153 gold pieces at shops.

Inventory:

Hand Weapons
 f - a +8 mace of protection (weapon)
Armour
 b - a +2 leather armour of cold resistance (worn)
 g - a +0 pair of boots
Jewellery
 c - a +6 ring of strength (left claw)
 t - a +4 ring of evasion (right claw)
 y - an amulet of the acrobat (around neck)
 D - a ring of poison resistance
Wands
 h - a wand of mindburst (14)
 v - a wand of flame (8)
 A - a wand of iceblast (21)
Scrolls
 d - a scroll of butterflies {unknown}
 e - 2 scrolls of enchant armour {unknown}
 j - a scroll of amnesia
 k - a scroll of summoning
 m - 2 scrolls of noise {unknown}
 n - a scroll of immolation {unknown}
 q - 5 scrolls of vulnerability
 s - 3 scrolls of teleportation
 u - a scroll of magic mapping {unknown}
 w - a scroll of silence
 x - a scroll of poison {unknown}
 E - a scroll of fear {unknown}
Potions
 a - 2 potions of lignification {unknown}
 i - a potion of invisibility {unknown}
 l - 2 potions of curing {unknown}
 o - a potion of attraction {unknown}
 p - a potion of flight
 r - 2 potions of might
 B - a potion of ambrosia {unknown}
 C - a potion of heal wounds {unknown}
 F - a potion of magic


   Skills:
 + Level 2.0 Fighting
 + Level 2.9 Maces & Flails
 + Level 4.0 Armour
 + Level 4.0 Dodging
 + Level 3.4 Stealth
 + Level 9.7 Spellcasting
 + Level 3.8 Conjurations
 + Level 0.8 Transmutations
 + Level 9.9 Earth Magic


You had 17 spell levels left.
You knew the following spells:

 Your Spells              Type           Power      Damage    Failure   Level
a - Sandblast             Erth           100%       2d20      1%          1
b - Stone Arrow           Conj/Erth      96%        3d13      1%          3
c - Petrify               Tmut/Erth      40%        N/A       6%          4
d - Fulminant Prism       Conj/Hex       11%        3d9       24%         4

Your spell library contained the following spells:

 Spells                   Type           Power      Damage    Failure   Level
 Magic Dart               Conj           100%       1d8       1%          1
 Passwall                 Tmut/Erth      33%        N/A       1%          2
 Searing Ray              Conj           64%        2d6       1%          2
 Foxfire                  Conj/Fire      88%        2x1d8     2%          1
 Apportation              Tloc           24%        N/A       5%          1
 Necrotise                Necr           48%        1d6       5%          1
 Slow                     Hex            48%        N/A       5%          1
 Summon Small Mammal      Summ           48%        N/A       5%          1
 Conjure Flame            Conj/Fire      22%        6-21      7%          3
 Confusing Touch          Hex            12%        N/A       16%         3
 Inner Flame              Hex/Fire       12%        N/A       16%         3
 Vampiric Draining        Necr           12%        2d6       16%         3
 Flame Wave               Conj/Fire      22%        2d8       24%         4


Dungeon Overview and Level Annotations

Branches:
Dungeon (8/15)             Temple (0/1) D:7            Lair (1/5) D:8

Altars:
Cheibriados
Gozag
Okawaru
Sif Muna

Shops:
D:2 [(?**   D:5 :=

Annotations:
D:3 1 runed translucent door, Crazy Yiuf


Innate Abilities, Weirdness & Mutations

You have claws for hands.
You have hooves in place of feet.
A demonic guardian rushes to your aid.
You have a tail ending in a sharp stinger.


Message History

You thump the death yak! You kick the death yak!!
The death yak is almost dead.
The death yak gores you but does no damage.
You sock the death yak!
You kill the death yak!
Cheibriados appreciates the change of pace.
Your Armour skill increases to level 4!
You have reached level 11!
Your demonic ancestry asserts itself...
Your hands twist into claws.
You hit the death yak but do no damage. You tail-slap the death yak.
The death yak is lightly wounded.
The death yak gores you!
You completely miss the death yak. You kick the death yak.
The death yak is lightly wounded.
The death yak gores you. The death yak gores you!
You thump the death yak! You kick the death yak!
The death yak is heavily wounded.
The death yak gores you!
You sock the death yak!
You tail-slap the death yak, but do no damage.
The death yak is heavily wounded.
The death yak gores you!
You sock the death yak! You kick the death yak!
The death yak is severely wounded.
The death yak completely misses you.
You hit the death yak but do no damage.
The death yak is severely wounded.
You are no longer berserk.
You are exhausted.
You feel yourself slow down. The death yak gores you!!
* * * LOW HITPOINT WARNING * * *
A demonic guardian appears!
The death yak gores you!
* * * LOW HITPOINT WARNING * * *
Unknown command.
You sock the death yak! You kick the death yak.
You tail-slap the death yak, but do no damage.
The death yak is almost dead.
The death yak gores you!
You die...

...†......#.....#.......#
#.##......#..8††.......#
#.###..8..#........8..#
#.###...........#.....#
...###.......8.......##
....###.............#.#
......##..8..>..8.4## #
.....## #.........##
...#..# #....8.Y@##
##.#.## ###....†## ##.#
#...#+.#.# #..#...###
#.#.....# #..8.>.8# ###
#.#.....# #.. ...##.8.##
..# .....#.###


You could see a death yak (ally target) and a friendly rust devil (summoned).

Vanquished Creatures
  2 hydras (Lair:1)
  A death yak (Lair:1)
  2 cane toads (Lair:1)
  A komodo dragon (Lair:1)
  Prince Ribbit (D:5)
  A hornet (D:8)
  5 wyverns
  A wraith (D:6)
  3 yaks (D:8)
  An acid dragon (D:6)
  2 water moccasins (Lair:1)
  A sky beast (D:6)
  A black bear (D:5)
  3 ice beasts
  3 phantoms
  3 bullfrogs
  3 necrophages
  4 scorpions
  3 wights (D:7)
  4 killer bees (D:8)
  2 howler monkeys (D:7)
  2 jellies
  8 hounds
  An orc priest (D:6)
  Jessica (D:2)
  5 iguanas
  An orc wizard (D:6)
  Robin (D:2)
  3 gnolls (D:5)
  7 adders
  3 white imps
  2 ufetubi (D:5)
  2 worms (D:2)
  A dart slug (D:1)
  12 orcs
  4 bats
  4 endoplasms
  3 giant cockroaches
  10 goblins
  11 hobgoblins
  10 kobolds
  2 quokkas (D:4)
  11 ball pythons
  7 frilled lizards
  3 rats
161 creatures vanquished.

Vanquished Creatures (collateral kills)
  A death yak (Lair:1)
  A komodo dragon (Lair:1)
  Duvessa (D:5)
  Dowan (D:5)
  A killer bee (D:8)
5 creatures vanquished.

Vanquished Creatures (others)
  A bush (Lair:1)
  9 fungi (Lair:1)
  6 plants (Lair:1)
16 creatures vanquished.

Grand Total: 182 creatures vanquished

Notes
Turn   | Place    | Note
-------+----------+-------------------------------------------
     0 | D:1      | DemonSlayer the Demonspawn Earth Elementalist began the
                  | quest for the Orb.
     0 | D:1      | Reached XP level 1. HP: 13/13 MP: 3/3
   261 | D:1      | Discovered your monstrous ancestry.
   261 | D:1      | Gained mutation: You have large cloven feet. [demonic
                  | ancestry]
   261 | D:1      | Reached XP level 2. HP: 19/19 MP: 3/5
  1203 | D:2      | Gained mutation: You have a small tail. [demonic ancestry]
  1203 | D:2      | Reached XP level 3. HP: 24/24 MP: 4/6
  1435 | D:2      | Learned a level 3 spell: Stone Arrow
  1456 | D:2      | Found Xiysion's Assorted Antiques.
  1459 | D:2      | Reached skill level 1 in Maces & Flails
  1490 | D:2      | Bought a scroll labelled JIEPPA JADICS for 21 gold pieces
  1490 | D:2      | Bought a puce potion for 18 gold pieces
  1490 | D:2      | Bought a scroll labelled ATSATO SUAJEHO for 21 gold pieces
  1490 | D:2      | Bought a scroll labelled IXTAEXORUS for 21 gold pieces
  1490 | D:2      | Bought a scroll labelled BEEFFU AFOIDA for 21 gold pieces
  1490 | D:2      | Bought a murky sapphire potion for 18 gold pieces
  1537 | D:2      | Found Zul Josau's Assorted Antiques.
  1558 | D:2      | Noticed Jessica
  1565 | D:2      | Killed Jessica
  1566 | D:2      | Gained mutation: You have a tail ending in a sharp stinger.
                  | [demonic ancestry]
  1566 | D:2      | Reached XP level 4. HP: 30/30 MP: 4/8
  1601 | D:2      | Found Kahod's Antique Weapon Emporium.
  1628 | D:2      | Found Coleydd's Armour Shop.
  1658 | D:2      | Found a snail-covered altar of Cheibriados.
  1664 | D:2      | Noticed Robin
  1713 | D:2      | Killed Robin
  1829 | D:2      | Became a worshipper of Cheibriados the Contemplative
  1849 | D:2      | Found Buned's Magic Scroll Shoppe.
  1857 | D:2      | Bought a scroll of teleportation for 33 gold pieces
  2301 | D:2      | Learned a level 4 spell: Petrify
  2371 | D:3      | Identified the amulet "Jairhu" {Faith Contam Rampage +Blink
                  | rF+++}
  2433 | D:3      | Found an opulent altar of Gozag.
  2438 | D:3      | Found a shimmering blue altar of Sif Muna.
  2546 | D:3      | Found a faded altar of an unknown god.
  2631 | D:3      | Found a runed translucent door.
  2632 | D:3      | Noticed Crazy Yiuf
  2938 | D:3      | Gained mutation: You have hoof-like feet. [demonic
                  | ancestry]
  2938 | D:3      | Reached XP level 5. HP: 35/35 MP: 5/10
  3341 | D:4      | Reached skill level 1 in Armour
  3598 | D:4      | Reached * piety under Cheibriados
  3599 | D:4      | Gained mutation: You have sharp fingernails. [demonic
                  | ancestry]
  3599 | D:4      | Reached XP level 6. HP: 37/42 MP: 6/11
  4491 | D:4      | Learned a level 4 spell: Fulminant Prism
  4499 | D:5      | Entered Level 5 of the Dungeon
  4508 | D:5      | Reached skill level 5 in Earth Magic
  4508 | D:5      | Gained mutation: A weak demonic guardian rushes to your
                  | aid. [demonic ancestry]
  4508 | D:5      | Reached XP level 7. HP: 47/47 MP: 7/13
  4554 | D:5      | Found Pihuamaul's Jewellery Shoppe.
  5040 | D:5      | Noticed Prince Ribbit
  5048 | D:5      | Killed Prince Ribbit
  5049 | D:5      | Reached skill level 5 in Spellcasting
  5179 | D:5      | Reached ** piety under Cheibriados
  5345 | D:5      | Gained mutation: A demonic guardian rushes to your aid.
                  | [demonic ancestry]
  5345 | D:5      | Reached XP level 8. HP: 53/53 MP: 13/15
  5449 | D:5      | Found an iron altar of Okawaru.
  5617 | D:5      | Found Xileuvi's Book Boutique.
  5998 | D:5      | Noticed Dowan
  5998 | D:5      | Noticed Duvessa
  6016 | D:5      | Killed Duvessa
  6018 | D:5      | Killed Dowan
  6438 | D:6      | Reached skill level 1 in Fighting
  7051 | D:6      | Gained mutation: You have very sharp fingernails. [demonic
                  | ancestry]
  7051 | D:6      | Reached XP level 9. HP: 58/59 MP: 14/19
  7370 | D:6      | Reached *** piety under Cheibriados
  7728 | D:7      | Found a staircase to the Ecumenical Temple.
  8792 | D:8      | Noticed a death yak
  8798 | D:8      | Noticed a death yak
  8799 | D:8      | Noticed a death yak
  9245 | D:8      | Found a staircase to the Lair.
  9262 | Lair:1   | Entered Level 1 of the Lair of Beasts
  9581 | Lair:1   | Noticed a five-headed hydra
  9582 | Lair:1   | Reached **** piety under Cheibriados
  9586 | Lair:1   | Killed a five-headed hydra
  9587 | Lair:1   | Reached skill level 1 in Conjurations
  9587 | Lair:1   | Gained mutation: You have hooves in place of feet. [demonic
                  | ancestry]
  9587 | Lair:1   | Reached XP level 10. HP: 22/66 MP: 4/22
  9812 | Lair:1   | Noticed a cane toad
  9817 | Lair:1   | Killed a cane toad
 10048 | Lair:1   | Noticed a cane toad
 10051 | Lair:1   | Killed a cane toad
 10140 | Lair:1   | Noticed a death yak
 10140 | Lair:1   | Noticed a death yak
 10149 | Lair:1   | Killed a death yak
 10536 | Lair:1   | Noticed a death yak
 10766 | Lair:1   | Noticed an eight-headed hydra
 10774 | Lair:1   | Killed an eight-headed hydra
 10918 | Lair:1   | Killed a death yak
 10919 | Lair:1   | Gained mutation: You have claws for hands. [demonic
                  | ancestry]
 10919 | Lair:1   | Reached XP level 11. HP: 72/72 MP: 21/24
 10925 | Lair:1   | Slain by a death yak

Illustrated notes

Levels and vault maps discovered:
D:1:      lemuel_arrival_room, layout_basic, minmay_indecisive_spiral
D:2:      layout_basic, basic_altar, serial_shops,
          nicolae_shop_advertising_works [nicolae_subvault_shop_adworks], shop,
          nicolae_shop_crystal, shop_fountains, shop, minmay_hedge_maze,
          st_stairs_13, uniq_jessica, uniq_robin
D:3:      layout_loops_ring, mainiacjoe_overflow_big_doors,
          chequers_ecumenical_altar_lobes, uniq_crazy_yiuf_cottage
D:4:      layout_basic, patterned_corridor
D:5:      layout_layer_cave, mainiacjoe_overflow_surrounded_room, serial_shops,
          kennysheep_little_box, minmay_shop_grid_forest,
          kennysheep_generic_room_13, uniq_duvessa, uniq_prince_ribbit1
D:6:      layout_loops_ring, minmay_microvault
D:7:      layout_rooms, minmay_temple_entry_wispy
D:8:      layout_basic, minitemple, dpeg_lair_monsters, dk_noncrumbling_2
Lair:1:   layout_loops_ring, lemuel_fruit_tree, grunt_megastairs_3,
          infiniplex_staircase_pool_2

Skill      XL: |  1  2  3  4  5  6  7  8  9 10 |
---------------+-------------------------------+-----
Stealth        | 2 3 |  3.4
Earth Magic    | 3 4 5 6 7 8 9 |  9.9
Maces & Flails | 1 2 |  2.9
Spellcasting   | 3 4 5 6 8 9 |  9.7
Dodging        | 2 3 4 |  4.0
Armour         | 1 2 3 4 |  4.0
Fighting       | 1 2 |  2.0
Conjurations   | 1 3 |  3.8
Transmutations | |  0.8

Action                   |  1- 3 |  4- 6 |  7- 9 | 10-12 || total
-------------------------+-------+-------+-------+-------++-------
Melee: Unarmed           |    11 |       |       |       ||    11
       Mace              |     7 |    23 |    26 |    14 ||    70
       Tailslap          |       |     4 |     5 |     6 ||    15
       Punch             |       |       |     1 |       ||     1
       Kick              |       |       |       |     7 ||     7
 Cast: Sandblast         |    56 |    74 |   138 |       ||   268
       Stone Arrow       |       |       |    17 |    27 ||    44
  Use: Potion            |     1 |       |       |     1 ||     2
       Scroll            |       |     6 |    11 |       ||    17
Armor: Leather armour    |    19 |    24 |    28 |     6 ||    77
Dodge: Dodged            |    38 |    47 |   117 |    22 ||   224
